 Dungeon Crawl Stone Soup version 0.30-a0-711-gf4ac18a38d (webtiles) character file.

Game seed: 9999675770172605972

5460 tkbsonic5 the Covert (level 10, -2/51 HPs)
             Began as a Spriggan Brigand on Jan 22, 2023.
             Was a Priest of Vehumet.
             Killed by divine providence
             ... invoked by an orc priest
              (10 damage)
             ... on level 8 of the Dungeon.
             The game lasted 00:39:42 (8476 turns).

tkbsonic5 the Covert (Spriggan Brigand)             Turns: 8476, Time: 00:39:43

Health: -2/51      AC:  7    Str:  6 (7)  XL:     10   Next: 41%
Magic:  15/19      EV: 19    Int: 21      God:    Vehumet [***...]
Gold:   290        SH:  0    Dex: 17 (19) Spells: 3/20 levels left

rFire   x . .      SeeInvis +    k - +3 sling (drain)
rCold   . . .      Faith    .    (no shield)
rNeg    . . .      Spirit   .    n - +0 troll leather armour
rPois   .          Reflect  .    (helmet restricted)
rElec   .          Harm     .    c - +0 cloak
rCorr   .          Rampage  .    (gloves unavailable)
Will    +....                    (boots unavailable)
Stlth   ++++                     u - amulet of magic regeneration
HPRegen 1.08/turn                s - +4 ring of slaying
MPRegen 0.56/turn                p - +6 ring of intelligence

@: very quick
A: very small, no large weapons, unfitting armour, see invisible, speed 3,
iridescent scales 1, heat vulnerability 1
a: Renounce Religion


You were on level 8 of the Dungeon.
You worshipped Vehumet.
Vehumet was most pleased with you.
You visited 1 branch of the dungeon, and saw 8 of its levels.

You collected 290 gold pieces.

Inventory:

Hand Weapons
 a - a +2 dagger
 k - a +3 sling of draining (weapon)
 o - a +3 short sword
Missiles
 d - 30 poisoned darts
 e - 5 curare-tipped darts
Armour
 b - a +0 robe
 c - a +0 cloak (worn)
 n - a +0 troll leather armour (worn)
Magical Staves
 h - a staff of air
Jewellery
 m - an amulet of regeneration
 p - a +6 ring of intelligence (right hand)
 s - a +4 ring of slaying (left hand)
 u - an amulet of magic regeneration (around neck)
 z - a ring of willpower
 A - a ring of willpower
Wands
 j - a wand of quicksilver (14)
 v - a wand of mindburst (19)
 y - a wand of polymorph (9)
 E - a wand of digging (1)
 G - a wand of roots (14)
Scrolls
 i - 5 scrolls of amnesia
 q - 2 scrolls of identify
 B - a scroll of fear
 C - a scroll of teleportation
 F - a scroll of poison
Potions
 f - 3 potions of haste
 g - a potion of curing
 l - 2 potions of lignification
 r - a potion of cancellation
 t - 2 potions of might
 w - a potion of flight
 x - a potion of ambrosia
 D - a potion of attraction {unknown}


   Skills:
 * Level 4.3 Fighting
 - Level 2.1 Short Blades
 + Level 4.5 Ranged Weapons
 - Level 4.1 Throwing
 + Level 5.7 Dodging
 * Level 8.2 Stealth
 - Level 1.2 Unarmed Combat
 * Level 5.6 Spellcasting
 * Level 3.2 Conjurations
 + Level 1.1 Translocations
 + Level 5.1 Transmutations
 * Level 3.5 Fire Magic
 + Level 3.4 Air Magic
 * Level 4.6 Poison Magic
 * Level 5.8 Evocations


You had 3 spell levels left.
You knew the following spells:

 Your Spells              Type           Power      Damage    Failure   Level
a - Poisonous Vapours     Pois/Air       46%        N/A       1%          2
b - Sticky Flame          Conj/Fire      20%        2d4       11%         4
c - Ignite Poison         Fire/Tmut/Pois 24%        N/A       2%          3
d - Foxfire               Conj/Fire      80%        2x1d8     1%          1
e - Kindle Blastsparks    Fire/Tloc/Air  34%        2d12      4%          3
f - Olgreb's Toxic Radia  Pois           25%        N/A       7%          4

Your spell library contained the following spells:

 Spells                   Type           Power      Damage    Failure   Level
 Scorch                   Fire           42%        2d7       1%          2
 Sting                    Tmut/Pois      100%       1d8       2%          1
 Spider Form              Tmut/Pois      26%        N/A       6%          3
 Portal Projectile        Hex/Tloc       16%        N/A       36%         3
 Call Canine Familiar     Summ           5%         N/A       43%         3
 Leda's Liquefaction      Hex/Erth       2%         N/A       83%         4


Dungeon Overview and Level Annotations

Branches:
Dungeon (8/15)             Temple (0/1) D:7
   Lair: D:8-11

Altars:
Ashenzari
Dithmenos
Elyvilon
Fedhas
Gozag
Okawaru
Ru
Trog
Uskayaw
Vehumet
Wu Jian

Annotations:
D:5 2 transporters, ctx's ghost, novice GnEE


Innate Abilities, Weirdness & Mutations

You are very small and have problems with some larger weapons.
You are too small for most types of armour.
You have supernaturally acute eyesight. (SInv)
You cover ground extremely quickly. (Speed+++)
You are partially covered in iridescent scales. (AC +2)
You are vulnerable to heat. (rF-)


Message History

You kill the orc!
Vehumet accepts your kill.
You shoot a sling bullet. The sling bullet hits the orc priest.
The orc priest is lightly wounded.
A cloud of volatile blastsparks flares up around you!
The cloud of blastsparks explodes!
The concussive blast engulfs the orc priest.
The orc priest is lightly wounded.
The concussive blast engulfs you!! The fire burns you terribly!
You are knocked back by the blast.
You shoot a sling bullet. The sling bullet hits the orc priest!
The orc priest is almost dead.
You shoot a sling bullet. The sling bullet hits the orc priest.
The orc priest is almost dead.
The orc priest mumbles some strange prayers to Beogh against you.
Beogh smites you!
You are too injured to fight recklessly!
You are too injured to fight recklessly!
You are too injured to fight recklessly!
Unknown command.
You feel better. The orc priest completely misses you.
The orc priest looks satisfied for a moment.
A cloud of volatile blastsparks flares up around you!
The orc priest begins to cast a cantrip, but forgets the words!
The orc priest invokes the aid of Beogh against you.
Pain shoots through your body!
A cloud of volatile blastsparks flares up around you!
The orc priest calls down the wrath of Beogh upon you.
Beogh smites you!
* * * LOW HITPOINT WARNING * * *
The orc priest mumbles some strange prayers to Beogh against you.
Beogh smites you!
* * * LOW HITPOINT WARNING * * *
The cloud of blastsparks explodes!
The concussive blast engulfs the orc priest!
You kill the orc priest!
Vehumet accepts your kill.
The orc priest calls down the wrath of Beogh upon you.
Beogh smites you!
You die...

#..###...# #........#
#........# . #........#
####.. .......
####.>...##.............
#....)#.............
#####)#..#.).. #...#
#)...###.###...#
#.#@###...##...#
#.#.ยง##._...)..#
#.........##...#
##......###(...#
#####.)###....#
#.........# ##.o......#
#####...## #####


You could see an orc priest.

Vanquished Creatures
  A two-headed ogre (D:8)
  Joseph (D:7)
  A troll (D:6)
  Grinder (D:3)
  Prince Ribbit (D:6)
  Sigmund (D:2)
  Eustachio (D:6)
  A water moccasin (D:5)
  2 orc warriors (D:6)
  2 sky beasts
  3 black bears
  3 ogres
  5 centaurs
  3 phantoms
  2 kobold brigands
  A gnoll sergeant (D:8)
  A necrophage (D:6)
  3 scorpions
  12 wights (D:7)
  2 howler monkeys (D:8)
  6 hounds
  4 orc priests
  2 gnoll boudas
  4 jellies
  Terence (D:2)
  3 iguanas
  4 orc wizards
  17 gnolls
  A river rat (D:6)
  5 adders
  A shadow imp (D:7)
  2 white imps
  A worm (D:2)
  19 orcs
  3 bats (D:1)
  5 endoplasms
  5 giant cockroaches
  7 goblins
  9 hobgoblins
  16 kobolds
  2 quokkas
  5 ball pythons
  A frilled lizard (D:2)
  2 rats
172 creatures vanquished.

Vanquished Creatures (collateral kills)
  A worm (D:2)
1 creature vanquished.

Vanquished Creatures (others)
  249 foxfires
  A plant (D:3)
250 creatures vanquished.

Grand Total: 423 creatures vanquished

Notes
Turn   | Place    | Note
-------+----------+-------------------------------------------
     0 | D:1      | tkbsonic5 the Spriggan Brigand began the quest for the Orb.
     0 | D:1      | Reached XP level 1. HP: 10/10 MP: 2/2
    83 | D:1      | Reached skill level 6 in Stealth
   288 | D:1      | Reached XP level 2. HP: 14/14 MP: 3/3
   856 | D:1      | Gained mutation: Potions are less effective at restoring
                  | your health. [potion of mutation]
   856 | D:1      | Gained mutation: Your flesh is cold resistant. (rC+)
                  | [potion of mutation]
   857 | D:1      | Lost mutation: Your flesh is cold resistant. (rC+) [potion
                  | of mutation]
   857 | D:1      | Lost mutation: Potions are less effective at restoring your
                  | health. [potion of mutation]
   857 | D:1      | Gained mutation: You are partially covered in iridescent
                  | scales. (AC +2) [potion of mutation]
   857 | D:1      | Gained mutation: You are vulnerable to heat. (rF-) [potion
                  | of mutation]
   899 | D:2      | Learned a level 2 spell: Poisonous Vapours
   923 | D:2      | Reached skill level 1 in Spellcasting
  1123 | D:2      | Noticed Sigmund
  1159 | D:2      | Reached XP level 3. HP: 18/18 MP: 5/5
  1189 | D:2      | Killed Sigmund
  1190 | D:2      | Reached skill level 1 in Ranged Weapons
  1190 | D:2      | Reached skill level 1 in Air Magic
  1190 | D:2      | Reached skill level 1 in Poison Magic
  1190 | D:2      | Reached XP level 4. HP: 12/23 MP: 5/8
  1190 | D:2      | Reached XP level 5. HP: 13/26 MP: 5/9
  1290 | D:2      | Noticed Terence
  1296 | D:2      | Killed Terence
  1625 | D:2      | Found a faded altar of an unknown god.
  1787 | D:2      | Got the Reference Book on the Charred Assassin
  1863 | D:2      | Learned a level 4 spell: Sticky Flame
  2519 | D:3      | Found a radiant altar of Vehumet.
  2563 | D:3      | Became a worshipper of Vehumet
  2697 | D:3      | Noticed Grinder
  2702 | D:3      | Paralysed by Grinder for 4 turns
  2718 | D:3      | Paralysed by Grinder for 2 turns
  2727 | D:3      | Killed Grinder
  2728 | D:3      | Reached skill level 1 in Evocations
  2728 | D:3      | Reached XP level 6. HP: 32/32 MP: 10/10
  2928 | D:3      | Found an iron altar of Okawaru.
  2965 | D:3      | Found a sacrificial altar of Ru.
  3057 | D:4      | Learned a level 3 spell: Ignite Poison
  3435 | D:4      | Reached XP level 7. HP: 35/35 MP: 9/12
  3507 | D:4      | Reached * piety under Vehumet
  3507 | D:4      | Offered knowledge of Foxfire by Vehumet.
  3510 | D:4      | Learned a level 1 spell: Foxfire
  3515 | D:4      | Found a hide-covered altar of Uskayaw.
  3670 | D:4      | Found a broken altar of Ashenzari.
  3670 | D:4      | Found an ornate altar of the Wu Jian Council.
  3703 | D:4      | Reached skill level 1 in Fire Magic
  4154 | D:5      | Entered Level 5 of the Dungeon
  4190 | D:5      | Reached skill level 1 in Conjurations
  4190 | D:5      | Reached skill level 1 in Transmutations
  4325 | D:5      | Reached skill level 7 in Stealth
  4358 | D:5      | Found a blossoming altar of Fedhas.
  4435 | D:5      | Reached XP level 8. HP: 40/40 MP: 12/14
  4460 | D:5      | Found a transporter.
  4460 | D:5      | Found a transporter.
  4519 | D:5      | Noticed ctx's ghost (novice GnEE)
  4970 | D:6      | Reached ** piety under Vehumet
  4978 | D:6      | Offered knowledge of Momentum Strike by Vehumet.
  5423 | D:6      | Noticed a troll
  5428 | D:6      | Killed a troll
  5429 | D:6      | Reached XP level 9. HP: 44/44 MP: 4/16
  5632 | D:6      | Noticed Eustachio
  5643 | D:6      | Killed Eustachio
  5755 | D:6      | Found a shadowy altar of Dithmenos.
  5798 | D:6      | Noticed Prince Ribbit
  5816 | D:6      | Killed Prince Ribbit
  5817 | D:6      | Reached skill level 5 in Dodging
  6488 | D:6      | Found a white marble altar of Elyvilon.
  6843 | D:7      | Offered knowledge of Frozen Ramparts by Vehumet.
  6850 | D:7      | Learned a level 3 spell: Spider Form
  6855 | D:7      | Learned a level 4 spell: Olgreb's Toxic Radiance
  7096 | D:7      | Reached skill level 5 in Spellcasting
  7153 | D:7      | Noticed Joseph
  7156 | D:7      | Killed Joseph
  7157 | D:7      | Reached skill level 5 in Evocations
  7287 | D:7      | Found a staircase to the Ecumenical Temple.
  7363 | D:7      | Reached skill level 1 in Unarmed Combat
  7411 | D:7      | Reached *** piety under Vehumet
  7412 | D:7      | Reached XP level 10. HP: 49/49 MP: 15/18
  7512 | D:7      | Reached skill level 8 in Stealth
  7973 | D:8      | Reached skill level 5 in Transmutations
  7976 | D:8      | Offered knowledge of Kindle Blastsparks by Vehumet.
  7982 | D:8      | Learned a level 3 spell: Kindle Blastsparks
  8144 | D:8      | Noticed a two-headed ogre
  8176 | D:8      | Killed a two-headed ogre
  8340 | D:8      | Found an opulent altar of Gozag.
  8418 | D:8      | Reached skill level 1 in Translocations
  8439 | D:8      | Found a bloodstained altar of Trog.
  8476 | D:8      | Killed from afar by an orc priest

Illustrated notes

Levels and vault maps discovered:
D:1:      dpeg_arrival_pits, layout_basic
D:2:      layout_loops_ring, chequers_ecumenical_altar_twisty,
          kennysheep_generic_room_2, uniq_terence, uniq_sigmund
D:3:      layout_rooms, lemuel_doored_altar, okawaru_altar_gauntlet_db,
          mainiacjoe_overflow_alcove_2, serial_bayou_lake_a, uniq_grinder
D:4:      layout_cave_pools, general_overflow_altar,
          amethyst_overflow_temple_binary, sigmund_army
D:5:      cheibrodos_quashed, layout_basic, mainiacjoe_overflow_alcove_4,
          gammafunk_ghost_hive, kennysheep_generic_room_3
D:6:      layout_basic, nicolae_dithmenos_shadow_blocks, elyvilon_altar_5,
          portal_sewer_entry_a, uniq_eustachio, uniq_prince_ribbit1
D:7:      layout_gridville, minmay_temple_entry_stoned_glass, uniq_joseph
D:8:      erik_cavepeople, layout_rooms,
          pdpol_temple_overflow_zin_treasury_gozag_greed,
          trog_three_pillars_becter

Skill      XL: |  1  2  3  4  5  6  7  8  9 10 |
---------------+-------------------------------+-----
Stealth        | 6 7 8 |  8.2
Spellcasting   | 1 2 3 4 5 |  5.6
Dodging        | 2 3 4 5 |  5.7
Fighting       | 2 3 4 |  4.3
Ranged Weapons | 1 2 3 4 |  4.5
Air Magic      | 1 2 3 |  3.4
Poison Magic   | 1 2 3 4 |  4.6
Evocations     | 1 2 4 5 |  5.8
Fire Magic     | 1 2 3 |  3.5
Conjurations   | 1 2 3 |  3.2
Transmutations | 1 3 4 5 |  5.1
Throwing       | 3 4 |  4.1
Unarmed Combat | 1 |  1.2
Translocations | 1 |  1.1
Short Blades   | |  2.1

Action                     |  1- 3 |  4- 6 |  7- 9 | 10-12 || total
---------------------------+-------+-------+-------+-------++-------
  Melee: Dagger            |    21 |       |       |       ||    21
         Punch             |     1 |       |       |       ||     1
         Unarmed           |       |       |     3 |       ||     3
   Fire: Sling             |    27 |    76 |   195 |    47 ||   345
         Shortbow          |       |       |     3 |       ||     3
  Throw: Dart              |    49 |       |    10 |       ||    59
         Throwing net      |       |       |     1 |       ||     1
   Cast: Poisonous Vapours |       |    48 |    68 |     4 ||   120
         Foxfire           |       |       |    90 |    55 ||   145
         Ignite Poison     |       |       |    13 |     3 ||    16
         Spider Form       |       |       |     1 |       ||     1
         Kindle Blastspark |       |       |       |    21 ||    21
         Olgreb's Toxic Ra |       |       |       |     6 ||     6
  Evoke: Wand              |       |     3 |    37 |       ||    40
    Use: Scroll            |     6 |     5 |     7 |     1 ||    19
         Potion            |     3 |     2 |     7 |     1 ||    13
 Armour: Robe              |     9 |     8 |     9 |       ||    26
         Troll leather arm |       |       |     2 |     3 ||     5
         Skin              |       |       |     1 |       ||     1
  Dodge: Dodged            |    26 |    37 |    85 |    10 ||   158

Table legend: (Time is in decaauts)
 A = Elapsed time spent in this place.
 B = Non-inter-level travel time spent in this place.
 C = Inter-level travel time spent in this place.
 D = Time resting spent in this place.
 E = Time spent auto-exploring this place.
 F = Levels seen in this place.
 G = Mean time per level.
                   A        B        C        D        E       F      G
               +--------+--------+--------+--------+--------+-----+--------+
         Total |   6590 |   6454 |    136 |    236 |   4646 |   8 |  823.8 |
       Dungeon |   6590 |   6454 |    136 |    236 |   4646 |   8 |  823.8 |
               +--------+--------+--------+--------+--------+-----+--------+

Top non-repeatable levels by time:
     D:6: 1517 daAuts
     D:3: 1099 daAuts
     D:7: 878 daAuts
     D:2: 796 daAuts
     D:4: 715 daAuts
     D:1: 599 daAuts
     D:5: 596 daAuts
     D:8: 387 daAuts
